 Dungeon Sprint DCSS version 0.18-a0-1655-ge2d8d33 (webtiles) character file.

12600000 namelastname112 the Sabretooth (level 27, -75/149 HPs)
             Began as a Felid Monk on Mar 30, 2016.
             Was the Champion of Makhleb.
             Killed from afar by an observer (91 damage)
             ... with a fireball
             ... in the Dungeon (Sprint VIII: "Arena of Blood").
             The game lasted 00:02:32 (126 turns).

namelastname112 the Sabretooth (Felid Monk)          Turns: 126, Time: 00:02:33

Health: -75/149    AC:  3    Str:  7    XL:     27
Magic:  55/55      EV: 46    Int: 16    God:    Makhleb [******]
Gold:   0          SH:  0    Dex: 27    Spells: 0 memorised, 80 levels left
                                        Lives:  0   Deaths: 4

rFire  . . .     SeeInvis +       - Unarmed
rCold  + . .     Gourm    .     (armour unavailable)
rNeg   . . .     Faith    .     (shield unavailable)
rPois  .         Spirit   .     (helmet unavailable)
rElec  .         Dismiss  .     (cloak unavailable)
rCorr  .         Reflect  .     (gloves unavailable)
SustAt .         Harm     .     (boots unavailable)
MR     ++++.     NoTele   +     (no amulet)
Stlth  ++++++++++               (no ring)
                                h - +27000 ring of slaying

@: lethally poisoned (-75 -> -153), very slightly contaminated, quick,
incredibly resistant to hostile enchantments, uncannily stealthy
A: no armour, no weapons or thrown items, claws 1, fangs 3, see invisible,
carnivore 3, speed 1, shaggy fur 3, slow metabolism 1, sharp paws
a: Minor Destruction, Lesser Servant of Makhleb, Major Destruction, Greater
Servant of Makhleb, Renounce Religion


You were in the Dungeon.
You worshipped Makhleb.
Makhleb was exalted by your worship.
You were not hungry.

You visited 1 branch

Inventory:

Jewellery
 h - a +27000 ring of slaying (left paw)
Potions
 b - a potion of curing
 d - a potion of haste
 e - 2 potions of magic
 f - a potion of berserk rage
Comestibles
 a - a meat ration


   Skills:
 O Level 27 Fighting
 O Level 27 Dodging
 O Level 27 Stealth
 O Level 27 Unarmed Combat
 O Level 27 Spellcasting
 O Level 27 Invocations


You had 80 spell levels left.
You didn't know any spells.

Dungeon Overview and Level Annotations

Branches:
Dungeon (1/1)

Altars:
Makhleb

Annotations:
D The Servant


Innate Abilities, Weirdness & Mutations

You cannot wear armour.
You are incapable of wielding weapons or throwing items.
You have sharp claws.
You have razor-sharp teeth.
You have supernaturally acute eyesight.
You are carnivorous and can eat meat at any time.
You cover ground quickly.
Your thick and shaggy fur keeps you warm (AC +3, rC+).
You have a slow metabolism.
Your sharp claws are effective at attacking unaware monsters.


Message History

* * * LOW HITPOINT WARNING * * *
Read which item? (? for menu, Esc to quit)
Blink to where?
Press: ? - help, Dir - move target cursor You are very lightly contaminated with residual magic.
As you read the scroll of blinking, it crumbles to dust. 3 orcs, an ogre, a vampire knight and Harold come into view.
* * * LOW HITPOINT WARNING * * *
You feel extremely sick.
You hear a shout! x2
The observer pulsates ominously.
You hear a shout! x3
The bag of meat moves out of view. x2
The wretched soul breathes negative energy at you.
The bolt of negative energy misses you.
You hear a shout! x2
The observer gazes at you.
The fireball explodes!
The fireball engulfs you!
Ouch! That really hurt!
You die...

#.#.#........S%....##..
.#.#.....#.WW%....#..o.
.............GM...#V.O
#.......##S#x.op....@.
##......§§§.W......V
..§§####§§.S#....O###
#..§§§§§§§..........#.
####§§§§§§............
####§§.....@.......
################


You could see an accursed, The Servant (wandering), 2 destroyers, an observer
(invisible), 2 scourges, a fleshlord (wandering), 3 wretched souls, 2 meat
berserkers, a small abomination and 2 bags of meat.

Vanquished Creatures
  Sigmund (D)
  2 hell beasts (D)
  3 greater mummies (D)
  A great orb of eyes (D)
  4 wraiths (D)
  8 vampire knights (D)
  20 ogres (D)
  5 liches (D)
  3 hydras (D)
  29 orcs (D)
  5 phantoms (D)
  5 hill giants (D)
  A sea snake (D)
  A large abomination (D)
88 creatures vanquished.

Vanquished Creatures (others)
  5 orcs (D)
  5 crawling corpses (D)
10 creatures vanquished.

Grand Total: 98 creatures vanquished

Notes
Turn   | Place    | Note
--------------------------------------------------------------
     0 | D        | namelastname112 the Felid Monk began the quest for the Orb.
     0 | D        | Reached XP level 1. HP: 10/10 MP: 2/2
     3 | D        | Noticed a bag of meat
     4 | D        | Noticed a bag of meat
     4 | D        | Noticed a bag of meat
     5 | D        | Noticed a bag of meat
     6 | D        | Became a worshipper of Makhleb the Destroyer
     6 | D        | Reached * piety under Makhleb
     6 | D        | Reached ** piety under Makhleb
    10 | D        | Noticed a meat berserker
    10 | D        | Killed a meat berserker
    10 | D        | Reached skill level 15 in Fighting
    10 | D        | Reached XP level 2. HP: 27/27 MP: 3/3
    10 | D        | Reached XP level 3. HP: 30/30 MP: 4/4
    10 | D        | Reached XP level 4. HP: 34/34 MP: 5/5
    10 | D        | Reached XP level 5. HP: 38/38 MP: 6/6
    10 | D        | Gained mutation: You are covered in thick fur (AC +2). [Felid growth]
    10 | D        | Reached XP level 6. HP: 42/42 MP: 7/7
    10 | D        | Reached XP level 7. HP: 46/46 MP: 8/8
    10 | D        | Reached XP level 8. HP: 50/50 MP: 9/9
    10 | D        | Reached XP level 9. HP: 54/54 MP: 10/10
    10 | D        | Reached XP level 10. HP: 58/58 MP: 11/11
    10 | D        | Reached XP level 11. HP: 62/62 MP: 12/12
    10 | D        | Gained mutation: Your thick and shaggy fur keeps you warm (AC +3, rC+). [Felid growth]
    10 | D        | Reached XP level 12. HP: 66/66 MP: 13/13
    10 | D        | Reached XP level 13. HP: 70/70 MP: 14/14
    12 | D        | Noticed a bag of meat
    13 | D        | Killed a bag of meat
    15 | D        | Killed a bag of meat
    15 | D        | Reached *** piety under Makhleb
    15 | D        | Reached skill level 10 in Stealth
    15 | D        | Reached XP level 14. HP: 78/78 MP: 15/15
    16 | D        | Killed a bag of meat
    16 | D        | Reached skill level 27 in Unarmed Combat
    18 | D        | Noticed a bag of meat
    18 | D        | Noticed a meat berserker
    18 | D        | Killed a bag of meat
    18 | D        | Reached **** piety under Makhleb
    18 | D        | Reached XP level 15. HP: 86/86 MP: 16/16
    19 | D        | Noticed a meat berserker
    21 | D        | Noticed a meat berserker
    21 | D        | Killed a meat berserker
    21 | D        | Reached skill level 27 in Dodging
    21 | D        | Reached skill level 15 in Stealth
    22 | D        | Killed a meat berserker
    22 | D        | Reached skill level 27 in Fighting
    22 | D        | Reached XP level 16. HP: 100/100 MP: 17/17
    23 | D        | Noticed a large bag of meat
    23 | D        | Killed a meat berserker
    23 | D        | Reached ***** piety under Makhleb
    23 | D        | Reached skill level 27 in Stealth
    23 | D        | Reached XP level 17. HP: 104/104 MP: 18/18
    24 | D        | Noticed a meat berserker
    24 | D        | Noticed a meat berserker
    25 | D        | Reached skill level 10 in Invocations
    27 | D        | Killed a meat berserker
    27 | D        | Reached skill level 15 in Spellcasting
    28 | D        | Killed a meat berserker
    28 | D        | Reached XP level 18. HP: 109/109 MP: 18/42
    29 | D        | Noticed a meat berserker
    29 | D        | Killed a large bag of meat
    31 | D        | Killed a meat berserker
    31 | D        | Reached ****** piety under Makhleb
    31 | D        | Reached XP level 19. HP: 113/113 MP: 18/48
    32 | D        | Noticed an eight-headed meat hydra
    32 | D        | Reached skill level 27 in Invocations
    33 | D        | Reached skill level 27 in Spellcasting
    36 | D        | Reached XP level 20. HP: 115/118 MP: 19/52
    42 | D        | Noticed a meat berserker
    43 | D        | Noticed a destroyer
    43 | D        | Noticed a destroyer
    49 | D        | Killed a meat berserker
    50 | D        | Noticed an eight-headed meat hydra
    52 | D        | Killed a destroyer
    52 | D        | Reached XP level 21. HP: 121/122 MP: 22/53
    53 | D        | Noticed a destroyer
    54 | D        | Noticed an accursed
    55 | D        | Noticed an accursed
    56 | D        | Killed a destroyer
    57 | D        | Noticed an accursed
    57 | D        | Noticed a tyrant
    58 | D        | Noticed a tyrant
    58 | D        | Noticed a destroyer
    59 | D        | Killed a tyrant
    60 | D        | Noticed a tyrant
    62 | D        | Killed a tyrant
    62 | D        | Reached XP level 22. HP: 110/127 MP: 24/54
    64 | D        | Noticed a destroyer
    64 | D        | Killed a destroyer
    66 | D        | Killed a destroyer
    67 | D        | Reached XP level 23. HP: 131/131 MP: 25/55
    70 | D        | Noticed a dread
    70 | D        | Noticed a dread
    70 | D        | Annihilated by a destroyer
    71 | D        | Reached XP level 22. HP: -110/127 MP: 26/54
    72 | D        | Noticed a dread
    73 | D        | Killed a destroyer
    75 | D        | Noticed a destroyer
    77 | D        | Killed a dread
    77 | D        | Reached XP level 23. HP: 131/131 MP: 55/55
    78 | D        | Noticed a dread
    81 | D        | Reached XP level 24. HP: 136/136 MP: 55/55
    83 | D        | Noticed a dread
    83 | D        | Killed a destroyer
    84 | D        | Noticed The Captor
    87 | D        | Reached XP level 25. HP: 140/140 MP: 55/55
    88 | D        | Noticed a tyrant
    88 | D        | Killed The Captor
    92 | D        | Killed a dread
    92 | D        | Reached XP level 26. HP: 143/145 MP: 55/55
    95 | D        | Killed a dread
    95 | D        | Noticed a tyrant
    96 | D        | Killed a tyrant
    96 | D        | Reached XP level 27. HP: 149/149 MP: 55/55
    97 | D        | Demolished by a sculptor of flesh
    98 | D        | Reached XP level 26. HP: -20/145 MP: 55/55
    98 | D        | Noticed a destroyer
    98 | D        | Noticed an accursed
    98 | D        | Killed an accursed
    99 | D        | Noticed an accursed
    99 | D        | Killed a destroyer
   100 | D        | Noticed a tyrant
   100 | D        | Killed an accursed
   100 | D        | Reached XP level 27. HP: 148/148 MP: 55/55
   102 | D        | Noticed a meat beast
   102 | D        | Killed a dread
   103 | D        | Noticed a destroyer
   106 | D        | Noticed a meat beast
   106 | D        | Killed a tyrant
   109 | D        | Killed an accursed
   110 | D        | Killed a meat beast
   111 | D        | Killed a destroyer
   113 | D        | Noticed a dread
   113 | D        | Killed a meat beast
   115 | D        | Mangled by a bag of meat
   118 | D        | Killed a tyrant
   119 | D        | Demolished by a bag of meat
   126 | D        | Noticed a fleshlord
   126 | D        | Noticed a destroyer
   126 | D        | Noticed The Servant
   126 | D        | Killed from afar by an observer

Vault maps used:
D:        meatsprint

Skill      XL: |  1  2  3  4  5  6  7  8  9 10 11 12 13 14 15 16 17 18 19 |
---------------+----------------------------------------------------------+-----
Fighting       | 15 18 21 27 | 27.0
Dodging        | 19 22 26 27 | 27.0
Stealth        | 9 10 12 26 27 | 27.0
Unarmed Combat | 23 26 27 | 27.0
Spellcasting   | 19 24 27 | 27.0
Invocations    | 21 26 27 | 27.0

Action                   |  1- 3 |  4- 6 |  7- 9 | 10-12 | 13-15 | 16-18 | 19-21 | 22-24 | 25-27 || total
-------------------------+-------+-------+-------+-------+-------+-------+-------+-------+-------++-------
Melee: Unarmed           |     1 |       |       |       |     6 |     7 |    26 |    21 |    33 ||    94
  Use: Scroll            |       |       |       |       |       |       |       |       |     1 ||     1
       Potion            |       |       |       |       |       |       |       |       |     1 ||     1
